 Dungeon Crawl Stone Soup version 0.17.1-1-g73c8601 (webtiles) character file.

4616 lucasterio the Basher (level 10, -2/105 HPs)
             Began as a Demonspawn Berserker on Dec 14, 2015.
             Was a High Priest of Trog.
             Killed from afar by an electric eel (10 damage)
             ... with a bolt of electricity
             ... on level 9 of the Dungeon.
             The game lasted 00:22:53 (8073 turns).

lucasterio the Basher (Demonspawn Berserker)        Turns: 8073, Time: 00:22:54

Health: -2/105     AC: 12    Str: 26    XL:     10   Next: 19%
Magic:  10/10      EV:  9    Int: 12    God:    Trog [*****.]
Gold:   564        SH:  0    Dex: 12    Spells: 0 memorised, 9 levels left

rFire  . . .     SeeInvis .     L - +1 dire flail
rCold  . . .     Clarity  .     t - +0 chain mail
rNeg   . . .     SustAt   .     (shield currently unavailable)
rPois  +         Gourm    .     (helmet restricted)
rElec  .         Spirit   .     J - +0 cloak
rCorr  .         Warding  .     (no gloves)
rMut   .         Stasis   .     (no boots)
MR     .....                    w - amulet of regeneration
Stlth  ..........               m - +3 ring of intelligence
                                i - ring of poison resistance

@: berserking, very quick, not resistant to hostile enchantments, extremely
unstealthy
A: antennae 1, claws 2, hooves 1, nightstalker 1, powered by pain 1
a: Berserk, Trog's Hand, Brothers in Arms, Burn Spellbooks, Renounce Religion


You were on level 9 of the Dungeon.
You worshipped Trog.
Trog was extremely pleased with you.
You were hungry.

You visited 1 branch of the dungeon, and saw 9 of its levels.
You also visited: Ossuary.

You collected 564 gold pieces.

Inventory:

Hand Weapons
 e - a +0 whip of freezing
 A - a +0 flail
 L - a +1 dire flail (weapon)
 R - a +0 shortbow
Missiles
 d - 11 tomahawks (quivered)
 o - 91 arrows
Armour
 p - a +0 pair of gloves
 t - a +0 chain mail (worn)
 J - a +0 cloak (worn)
 P - a +0 large shield
Jewellery
 i - a ring of poison resistance (left claw)
 m - a +3 ring of intelligence (right claw)
 w - an amulet of regeneration (around neck)
 K - an uncursed ring of invisibility {unknown}
 O - an uncursed amulet of rage {unknown}
 Q - an uncursed ring of ice {unknown}
 S - an uncursed amulet of faith {unknown}
Wands
 D - a wand of slowing (21)
 H - a wand of lightning (6)
 M - a wand of digging (11)
 U - a wand of disintegration (17)
 X - a wand of hasting (3)
Scrolls
 f - 4 scrolls of remove curse
 h - 2 scrolls of recharging {unknown}
 l - 5 scrolls of identify {unknown}
 n - 2 scrolls of amnesia {unknown}
 r - 5 scrolls of teleportation {unknown}
 u - 3 scrolls of enchant weapon {unknown}
 x - a scroll of noise {unknown}
 y - 2 scrolls of magic mapping {unknown}
 z - 6 scrolls of random uselessness {unknown}
 E - a scroll of blinking {unknown}
 N - a scroll of immolation {unknown}
Potions
 b - a potion of cancellation {unknown}
 g - 2 potions of lignification {unknown}
 j - 3 potions of heal wounds {unknown}
 k - 4 potions of curing {unknown}
 q - 5 potions of agility {unknown}
 s - 4 potions of magic {unknown}
 B - a potion of haste {unknown}
 C - 2 potions of degeneration {unknown}
 G - 2 potions of ambrosia {unknown}
 I - 2 potions of mutation {unknown}
 T - a potion of invisibility {unknown}
 V - 2 potions of beneficial mutation {unknown}
 Y - a potion of flight {unknown}
Comestibles
 a - 2 slices of pizza
 c - 10 bread rations
 v - 5 fruits
 F - 3 meat rations
 W - 4 chunks of flesh


   Skills:
 - Level 3.0 Fighting
 * Level 11.4 Maces & Flails
 + Level 8.1 Armour
 - Level 1.7 Dodging


You had 9 spell levels left.
You didn't know any spells.

Dungeon Overview and Level Annotations

Branches:
Dungeon (9/15)             Temple (0/1) D:6
   Lair: D:8-11         Orc: D:9-12

Altars:
Dithmenos
Fedhas
Kikubaaqudgha
Makhleb
Okawaru
Ru
Xom
Yredelemnul

Shops:
D:8 [


Innate Abilities, Weirdness & Mutations

You have a pair of small antennae on your head.
You have very sharp fingernails.
You have large cloven feet.
You are slightly more attuned to the shadows.
You sometimes gain a little power by taking damage.


Message History

The bolt of electricity hits the electric eel.
The electric eel completely resists.
You are feeling hungry.
You closely miss the electric eel.
You kick the electric eel, but do no damage.
The electric eel shoots out a bolt of lightning at you!
The bolt of electricity hits you!
* * * LOW HITPOINT WARNING * * *
The bolt of electricity hits you!
* * * LOW HITPOINT WARNING * * *
The bolt of electricity hits the electric eel.
The electric eel completely resists.
A red film seems to cover your vision as you go berserk!
You feel yourself moving faster!
You feel mighty!
You feel somewhat more hungry.
The electric eel shoots out a bolt of lightning at you!
The bolt of electricity hits you!
* * * LOW HITPOINT WARNING * * *
The bolt of electricity hits you!
You die...

.......................######...#
##.#########..######...# #...#
##..÷......>..######...######...#
................(................
#..#######..###########..........
..................# #..........
...≈..≈.. ........#####..........
;..≈≈;.≈≈ .≈≈≈.....))............
≈≈≈≈≈≈≈≈≈ ≈≈≈≈;.@..)###########..
;≈≈h≈.≈h≈ ≈≈≈≈≈;....# #..
≈≈≈h.≈h.h ≈≈≈.......# #..
≈≈≈≈≈....... .... .............
..... ≈≈≈≈≈≈.......# #....
≈≈≈≈≈≈.......#


You could see 2 electric eels.

Vanquished Creatures
  Pikel (D:5)
  The ghost of Nicoed the Conjurer, a novice OpCj of Sif Muna (D:6)
  The ghost of Uberwunderbarhen the Ducker, an amateur OpFi (Ossuary)
  3 trolls
  A spriggan (D:7)
  2 humans (D:7)
  A hippogriff (D:8)
  Menkaure (D:5)
  A slave (D:5)
  An ice beast (D:7)
  A sky beast (D:9)
  2 centaurs
  4 ogres
  2 phantoms
  An orc warrior (D:9)
  A giant frog (D:7)
  2 scorpions
  4 wights (D:6)
  A crimson imp (D:5)
  3 orc priests
  A giant frog zombie (D:5)
  5 hounds
  2 centaur zombies (Ossuary)
  2 human zombies (Ossuary)
  Crazy Yiuf (D:6)
  A centaur skeleton (D:9)
  2 iguanas
  2 orc wizards
  A big kobold zombie (Ossuary)
  4 worker ants
  2 hound zombies (D:5)
  2 mummies (Ossuary)
  4 gnolls (D:8)
  8 adders
  2 shadow imps
  3 oozes
  An adder zombie (D:5)
  2 worms
  9 giant geckos
  25 orcs
  6 bats
  13 hobgoblins
  10 jackals
  2 quokkas
  A ball python (D:4)
  3 giant cockroaches
  7 giant newts
  4 goblins
  3 goblin zombies
  9 hobgoblin zombies (Ossuary)
  3 jackal zombies
  5 kobolds
  11 kobold zombies (Ossuary)
  6 orc zombies (Ossuary)
  15 rats
  3 rat zombies
214 creatures vanquished.

Vanquished Creatures (others)
  2 bushes (D:7)
2 creatures vanquished.

Grand Total: 216 creatures vanquished

Notes
Turn   | Place    | Note
--------------------------------------------------------------
     0 | D:1      | lucasterio the Demonspawn Berserker began the quest for the Orb.
     0 | D:1      | Reached XP level 1. HP: 18/18 MP: 1/1
    92 | D:1      | Gained mutation: You have large cloven feet. [demonic ancestry]
    92 | D:1      | Reached XP level 2. HP: 24/24 MP: 2/2
   330 | D:1      | Reached ** piety under Trog
   381 | D:1      | Gained mutation: You sometimes gain a little power by taking damage. [demonic ancestry]
   381 | D:1      | Reached XP level 3. HP: 27/29 MP: 3/3
  1094 | D:2      | Reached skill level 4 in Maces & Flails
  1359 | D:2      | Gained mutation: You have sharp fingernails. [demonic ancestry]
  1359 | D:2      | Reached XP level 4. HP: 35/35 MP: 4/4
  1466 | D:2      | Found a shadowy altar of Dithmenos.
  1515 | D:3      | Noticed an ogre
  1520 | D:3      | Killed an ogre
  1520 | D:3      | Reached XP level 5. HP: 22/41 MP: 5/5
  1590 | D:3      | Reached skill level 5 in Maces & Flails
  2045 | D:3      | Reached *** piety under Trog
  2373 | D:3      | Gained mutation: You are slightly more attuned to the shadows. [demonic ancestry]
  2373 | D:3      | Reached XP level 6. HP: 35/47 MP: 6/6
  2374 | D:3      | Found a burning altar of Makhleb.
  2954 | D:4      | Found a basalt altar of Yredelemnul.
  3087 | D:4      | Reached skill level 6 in Maces & Flails
  3120 | D:4      | Reached **** piety under Trog
  3301 | D:4      | Gained mutation: You have very sharp fingernails. [demonic ancestry]
  3301 | D:4      | Reached XP level 7. HP: 52/52 MP: 7/7
  3496 | D:5      | Entered Level 5 of the Dungeon
  3821 | D:5      | Noticed Menkaure
  3826 | D:5      | Killed Menkaure
  3921 | D:5      | Noticed Pikel
  3944 | D:5      | Killed Pikel
  3944 | D:5      | Reached skill level 8 in Maces & Flails
  3944 | D:5      | Reached skill level 5 in Armour
  3944 | D:5      | Reached XP level 8. HP: 58/58 MP: 8/8
  4571 | D:6      | Found a staircase to the Ecumenical Temple.
  4749 | D:6      | Found a sand-covered staircase.
  4763 | Ossuary  | Entered an ossuary
  4819 | Ossuary  | Noticed Uberwunderbarhen's ghost (amateur OpFi)
  4832 | Ossuary  | Killed Uberwunderbarhen's ghost
  4832 | Ossuary  | Reached skill level 9 in Maces & Flails
  5188 | D:6      | Reached XP level 9. HP: 46/63 MP: 9/9
  5259 | D:6      | Noticed Nicoed's ghost (novice OpCj)
  5270 | D:6      | Killed Nicoed's ghost
  5358 | D:6      | Found a sacrificial altar of Ru.
  5828 | D:6      | Noticed Crazy Yiuf
  5835 | D:6      | Killed Crazy Yiuf
  6058 | D:7      | Found an iron altar of Okawaru.
  6077 | D:7      | Reached skill level 10 in Maces & Flails
  6526 | D:7      | Found a blossoming altar of Fedhas.
  6942 | D:8      | Reached skill level 11 in Maces & Flails
  7026 | D:8      | Found Tulem's Armour Boutique.
  7084 | D:8      | Found a shimmering altar of Xom.
  7117 | D:8      | Found an ancient bone altar of Kikubaaqudgha.
  7211 | D:8      | Gained mutation: You have a pair of small antennae on your head. [demonic ancestry]
  7211 | D:8      | Reached XP level 10. HP: 63/70 MP: 10/10
  8034 | D:9      | Found a shimmering altar of Xom.
  8061 | D:9      | Reached ***** piety under Trog
  8073 | D:9      | Killed from afar by an electric eel

Action                   |  1- 3 |  4- 6 |  7- 9 | 10-12 || total
-------------------------+-------+-------+-------+-------++-------
Melee: Mace              |   141 |   170 |       |       ||   311
       Flail             |       |    44 |   282 |       ||   326
       Dire flail        |       |       |   164 |    65 ||   229
Invok: Berserk           |     1 |     3 |     5 |     2 ||    11
       Burn Spellbooks   |       |     1 |     1 |       ||     2
  Use: Scroll            |       |       |     1 |       ||     1
 Stab: Paralysed         |       |       |     1 |       ||     1
  Eat: Chunk             |     3 |     4 |    18 |     4 ||    29
       Bread ration      |       |     1 |       |       ||     1
       Beef jerky        |       |     1 |       |       ||     1
       Fruit             |       |       |     2 |       ||     2
